 Dungeon Crawl Stone Soup version 0.26-a0-812-g31a745ddcd (webtiles) character file.

Game seed: 7583329288747859895

3368 raph the Reanimator (level 9, -1/44 HPs)
             Began as a Deep Elf Necromancer on Nov 29, 2020.
             Was a Priest of Hepliaklqana.
             Slain by a two-headed ogre
             ... wielding a +0 giant club
              (23 damage)
             ... on level 8 of the Dungeon.
             The game lasted 00:24:17 (9906 turns).

raph the Reanimator (Deep Elf Necromancer)          Turns: 9906, Time: 00:24:17

Health: -1/44      AC: 14    Str:  6    XL:     9   Next: 73%
Magic:  14/20      EV: 14    Int: 22    God:    Hepliaklqana [***...]
Gold:   367        SH:  0    Dex: 16    Spells: 6/21 levels left

rFire    . . .     SeeInvis .   w - +0 whip (pain)
rCold    . . .     Faith    .   (no shield)
rNeg     . . .     Spirit   .   y - +2 acid dragon scales
rPois    .         Reflect  .   o - +0 helmet
rElec    .         Harm     .   e - +2 cloak
rCorr    +         Rampage  .   (no gloves)
MR       .....                  r - +0 pair of boots
Stlth    ++++......             k - amulet of the acrobat
HPRegen  0.14/turn              t - ring of stealth
MPRegen  0.17/turn              (no ring)

@: no status effects
A: reduced essence
a: Recall Ancestor, Ancestor Identity, Transference, Renounce Religion


You were on level 8 of the Dungeon.
You worshipped Hepliaklqana.
Hepliaklqana was most pleased with you.
You visited 1 branch of the dungeon, and saw 8 of its levels.

You collected 367 gold pieces.

Inventory:

Hand Weapons
 a - a +1 dagger of venom
 d - a +0 dagger
 w - a +0 whip of pain (weapon)
Missiles
 g - 13 boomerangs
 h - 5 silver javelins (quivered)
Armour
 c - a +1 robe
 e - a +2 cloak (worn)
 n - a scarf of shadows
 o - a +0 helmet (worn)
 r - a +0 pair of boots (worn)
 y - +2 acid dragon scales (worn)
Jewellery
 k - an amulet of the acrobat (around neck)
 t - a ring of stealth (left hand)
Wands
 z - a wand of random effects (20)
 A - a wand of iceblast (8)
Scrolls
 b - 3 scrolls of identify
 f - 2 scrolls of teleportation
 i - a scroll of blinking
 B - a scroll of remove curse
Potions
 j - a potion of haste
 l - 3 potions of curing
 m - 2 potions of might {unknown}
 p - a potion of berserk rage
 q - 2 potions of lignification
 s - 2 potions of heal wounds
 u - 2 potions of brilliance
 v - a potion of degeneration {unknown}
 x - a potion of mutation {unknown}


   Skills:
 + Level 2.6 Fighting
 * Level 3.5 Maces & Flails
 * Level 2.9 Armour
 - Level 5.8 Dodging
 - Level 6.4 Stealth
 - Level 6.5 Spellcasting
 - Level 1.1 Conjurations
 * Level 10.7 Necromancy
 - Level 3.0 Air Magic


You had 6 spell levels left.
You knew the following spells:

 Your Spells              Type           Power        Failure   Level
a - Pain                  Necr           ####         1%          1
b - Animate Skeleton      Necr           ######       1%          1
c - Vampiric Draining     Necr           ######....   1%          3
d - Animate Dead          Necr           ######....   1%          4
e - Shock                 Conj/Air       ###.         7%          1
f - Agony                 Necr           ######..     5%          5

Your spell library contained the following spells:

 Spells                   Type           Power        Failure   Level


Dungeon Overview and Level Annotations

Branches:
Dungeon (8/15)             Temple (0/1) D:6
   Lair: D:8-11

Altars:
Ashenzari
Fedhas
Gozag
Hepliaklqana
Nemelex Xobeh
Qazlal
Ru
Sif Muna
Trog
Wu Jian

Shops:
D:6 =

Annotations:
D:4 1 exclusion, Menkaure


Message History

Press: ? - help, Shift-Dir - straight line, f - two-headed ogre
Aim: a two-headed ogre, wielding two +0 giant clubs The zap hits the two-headed ogre but does no damage.
Unknown command.
Casting: Shock (safe; 7% risk of failure)
Confirm with . or Enter, or press ? or * to list all spells.
You can't see any susceptible monsters within range! (Use Z to cast anyway.) Nenetl hits the two-headed ogre with a +0 flail!
Casting: Shock (safe; 7% risk of failure)
Confirm with . or Enter, or press ? or * to list all spells.
The spell is quite dangerous to cast (5% risk of failure)!
Continue anyway?
Aiming: Agony (quite dangerous; 5% risk of failure)
Press: ? - help, Shift-Dir - straight line, f/p - two-headed ogre
Aim: a two-headed ogre, wielding two +0 giant clubs (moderately wounded, chance to defeat MR: 94%)
The two-headed ogre convulses!
The two-headed ogre hits you with a +0 giant club!!
Ouch! That really hurt!
The two-headed ogre hits you with a +0 giant club!!
Ouch! That really hurt!
You die...

#....#...## /..# .
##...(....####...#..
..#.....(....##......# .
....##.......#.......#...
.........(.....(.........
........<................
...........<..##.........
...............#OR#......
≈≈≈≈........)..#@........
###≈####......##........#
#≈.............$.......
###≈......###.......####.
≈≈≈≈......#......#.##
#................#.#
#...................
......#......##.##..?
..#...................


You could see the friendly Nenetl the knight and a two-headed ogre.

Vanquished Creatures
  A two-headed ogre (D:5)
  Maggie (D:6)
  An orc warrior (D:6)
  A phantom (D:7)
  3 centaurs
  A bullfrog (D:6)
  A water moccasin skeleton (D:5)
  A scorpion (D:4)
  A killer bee (D:7)
  A howler monkey (D:8)
  A jelly (D:6)
  3 hounds
  Terence (D:3)
  11 worker ants
  7 orc wizards
  8 gnolls
  8 adders
  A shadow imp (D:8)
  A white imp (D:5)
  An ooze (D:1)
  An ufetubus (D:7)
  2 dart slugs
  6 leopard geckos
  13 orcs
  A ball python (D:3)
  5 bats
  4 giant cockroaches
  11 goblins
  8 hobgoblins
  5 jackals
  6 quokkas
  3 frilled lizards
  6 kobolds
  A leopard gecko zombie (D:5)
  2 quokka skeletons
  10 rats
138 creatures vanquished.

Vanquished Creatures (collateral kills)
  2 ice beasts
  A bullfrog (D:7)
  A wyvern zombie (D:8)
  5 killer bees (D:7)
  A howler monkey (D:5)
  2 quasits
  A bullfrog skeleton (D:6)
  A hound (D:7)
  Crazy Yiuf (D:3)
  A jelly (D:8)
  2 iguanas
  A worker ant (D:5)
  A hound zombie (D:8)
  Robin (D:3)
  A worker ant zombie (D:6)
  2 gnolls (D:7)
  An adder (D:7)
  A shadow imp (D:7)
  A white imp (D:7)
  2 ufetubi
  An adder skeleton (D:6)
  A leopard gecko (D:6)
  An orc (D:5)
  2 jackals
  A ball python skeleton (D:4)
  A jackal skeleton (D:2)
36 creatures vanquished.

Vanquished Creatures (others)
  A worker ant (D:5)
  2 knights
  3 fungi (D:3)
6 creatures vanquished.

Grand Total: 180 creatures vanquished

Notes
Turn   | Place    | Note
-------+----------+-------------------------------------------
     0 | D:1      | raph the Deep Elf Necromancer began the quest for the Orb.
     0 | D:1      | Reached XP level 1. HP: 10/10 MP: 6/6
     4 | D:1      | Learned a level 1 spell: Animate Skeleton
    29 | D:1      | Reached skill level 5 in Necromancy
   156 | D:1      | Reached XP level 2. HP: 11/15 MP: 2/8
   887 | D:1      | Reached XP level 3. HP: 19/19 MP: 6/9
  1698 | D:2      | Learned a level 3 spell: Vampiric Draining
  1740 | D:2      | Found a blossoming altar of Fedhas.
  2064 | D:2      | Found a hazy altar of Hepliaklqana.
  2070 | D:2      | Became a worshipper of Hepliaklqana the Forgotten
  2346 | D:3      | Reached XP level 4. HP: 14/21 MP: 4/11
  2455 | D:3      | Learned a level 4 spell: Animate Dead
  2523 | D:3      | Found a shimmering blue altar of Sif Muna.
  2546 | D:3      | Reached skill level 6 in Necromancy
  3003 | D:3      | Identified Sif Muna's Papyrus of Hurtful Feathers
  3118 | D:3      | Found an opulent altar of Gozag.
  3119 | D:3      | Found a sparkling altar of Nemelex Xobeh.
  3252 | D:3      | Found a broken altar of Ashenzari.
  3355 | D:3      | You fall into a shaft and drop 1 floor!
  3355 | D:4      | Found an ornate altar of the Wu Jian Council.
  3360 | D:4      | Reached XP level 5. HP: 22/25 MP: 8/13
  3689 | D:4      | Learned a level 1 spell: Shock
  3753 | D:4      | Reached * piety under Hepliaklqana
  3841 | D:4      | Reached XP level 6. HP: 28/28 MP: 14/14
  4159 | D:3      | Noticed Terence
  4165 | D:3      | Killed Terence
  4242 | D:3      | Found a sacrificial altar of Ru.
  4246 | D:3      | Reached skill level 1 in Air Magic
  4533 | D:3      | Noticed Robin
  4549 | D:3      | Killed Robin
  5109 | D:3      | Found a runed translucent door.
  5110 | D:3      | Noticed Crazy Yiuf
  5123 | D:3      | Killed Crazy Yiuf
  5123 | D:3      | Reached skill level 7 in Necromancy
  5373 | D:4      | Reached skill level 5 in Spellcasting
  5430 | D:4      | Noticed Menkaure
  5701 | D:4      | Found a bloodstained altar of Trog.
  5722 | D:5      | Entered Level 5 of the Dungeon
  5736 | D:5      | Found a stormy altar of Qazlal.
  5824 | D:5      | Reached XP level 7. HP: 29/32 MP: 11/16
  5911 | D:5      | Reached ** piety under Hepliaklqana
  6034 | D:5      | Remembered your ancestor Nenetl as a knight
  6043 | D:5      | Reached skill level 5 in Stealth
  6127 | D:5      | Learned a level 5 spell: Agony
  6338 | D:5      | Noticed a two-headed ogre
  6392 | D:5      | Killed a two-headed ogre
  6392 | D:5      | Reached skill level 5 in Dodging
  6392 | D:5      | Reached skill level 8 in Necromancy
  6392 | D:5      | Reached XP level 8. HP: 31/36 MP: 10/19
  7277 | D:6      | Reached skill level 9 in Necromancy
  7347 | D:6      | Found Ifipnob's Jewellery Emporium.
  7418 | D:6      | Reached skill level 1 in Conjurations
  7734 | D:6      | Found a staircase to the Ecumenical Temple.
  7788 | D:6      | Noticed Maggie
  7789 | D:6      | Reached skill level 1 in Maces & Flails
  7806 | D:6      | Killed Maggie
  7806 | D:6      | Reached skill level 1 in Fighting
  7806 | D:6      | Reached XP level 9. HP: 28/42 MP: 10/20
  8103 | D:6      | Reached skill level 1 in Armour
  8118 | D:6      | Reached skill level 10 in Necromancy
  8970 | D:7      | Found a hazy altar of Hepliaklqana.
  9641 | D:7      | Reached *** piety under Hepliaklqana
  9901 | D:8      | Noticed a two-headed ogre
  9906 | D:8      | Slain by a two-headed ogre

Illustrated notes

Levels and vault maps discovered:
D:1:      minmay_arrival_split_and_join, layout_basic
D:2:      layout_loops_cross, overflow_temple_1_default, fedhas_ov_isle_minmay,
          minmay_rat_gold_closets
D:3:      layout_basic, grunt_temple_overflow_opulence,
          nicolae_ashenzari_panopticon, led_sif_book, hangedman_ru_absence,
          uniq_terence, uniq_robin, uniq_crazy_yiuf_cottage
D:4:      layout_basic, kennysheep_mini, old_standard_altar, uniq_menkaure
D:5:      layout_loops_corners, grunt_qazlal_clouds, serial_co_window_serial,
          co_window_corner_a, co_window_corner_a, co_window_corner_a,
          co_window_corner_a, co_window_corner_a, co_window_paths_a,
          co_window_paths_a, co_window_of_opportunity_c, co_window_corner_b,
          co_window_unsneaky_path_c, co_window_of_opportunity_b,
          co_window_paths_c, glass_columns_b, glass_columns_a, glass_columns_b,
          glass_columns_a, glass_columns_b
D:6:      layout_loops_ring, lemuel_temple_firewalk_b, serial_shops,
          nicolae_shop_stone, uniq_maggie
D:7:      layout_loops_ring, basic_altar
D:8:      layout_cave_pools, kennysheep_mini_moat, minmay_misc_feat_enclosed,
          moated_statue, elyvilon_altar_4, uniq_pikel

Skill      XL: |  1  2  3  4  5  6  7  8  9 |
---------------+----------------------------+-----
Necromancy     | 5 6 7 8 9 10 | 10.7
Stealth        | 3 4 6 |  6.4
Dodging        | 3 4 5 |  5.8
Spellcasting   | 4 5 6 |  6.5
Air Magic      | 1 2 3 |  3.0
Conjurations   | 1 |  1.1
Maces & Flails | 2 3 |  3.5
Fighting       | 1 2 |  2.6
Armour         | 2 |  2.9

Action                   |  1- 3 |  4- 6 |  7- 9 || total
-------------------------+-------+-------+-------++-------
Melee: Dagger            |    14 |    43 |    42 ||    99
       Whip              |       |       |   133 ||   133
 Cast: Pain              |    66 |    77 |    71 ||   214
       Animate Skeleton  |     2 |     1 |     5 ||     8
       Shock             |       |     3 |    30 ||    33
       Vampiric Draining |       |     2 |    12 ||    14
       Animate Dead      |       |     1 |     3 ||     4
       Agony             |       |       |     1 ||     1
Invok: Recall Ancestor   |       |     2 |       ||     2
       Ancestor Life: Kn |       |       |     1 ||     1
  Use: Scroll            |       |    11 |    10 ||    21
       Potion            |       |     1 |     2 ||     3
 Stab: Sleeping          |     2 |     4 |    10 ||    16
       Distracted        |       |     1 |       ||     1
Armor: Robe              |     9 |    23 |    35 ||    67
       Acid dragon scale |       |       |    49 ||    49
Dodge: Dodged            |    16 |    43 |   178 ||   237

Table legend: (Time is in decaauts)
 A = Elapsed time spent in this place.
 B = Non-inter-level travel time spent in this place.
 C = Inter-level travel time spent in this place.
 D = Time resting spent in this place.
 E = Time spent auto-exploring this place.
 F = Levels seen in this place.
 G = Mean time per level.
                   A        B        C        D        E       F      G
               +--------+--------+--------+--------+--------+-----+--------+
         Total |   9906 |   9530 |    376 |   3659 |   4171 |   8 | 1238.2 |
       Dungeon |   9906 |   9530 |    376 |   3659 |   4171 |   8 | 1238.2 |
               +--------+--------+--------+--------+--------+-----+--------+

Top non-repeatable levels by time:
     D:3: 2350 daAuts
     D:5: 1536 daAuts
     D:6: 1413 daAuts
     D:1: 1382 daAuts
     D:4: 1057 daAuts
     D:7: 1025 daAuts
     D:2: 935 daAuts
     D:8: 205 daAuts
